 Dungeon Crawl Stone Soup version 0.29.0-4-gdea44cf6ec (webtiles) character file.

Game seed: 14025825636609620795

4053 qw the Blocker (level 10, -4/73 HPs)
             Began as a Demonspawn Cinder Acolyte on Sept 9, 2022.
             Was a Believer of Ignis.
             Slain by a wraith (8 damage)
             ... on level 9 of the Dungeon.
             The game lasted 00:02:59 (7120 turns).

qw the Blocker (Demonspawn Cinder Acolyte)          Turns: 7120, Time: 00:03:00

Health: -4/73      AC: 30    Str: 19 (20) XL:     10   Next: 4%
Magic:  11/11      EV:  8    Int: 13      God:    Ignis [**....]
Gold:   365        SH: 16    Dex: 16 (17) Spells: 11/11 levels left

rFire   + . .      SeeInvis +   Y - +0 hand axe (flame)
rCold   . . .      Faith    .   p - +0 tower shield
rNeg    + . .      Spirit   .   m - +0 plate armour
rPois   .          Reflect  .   c - +2 helmet
rElec   .          Harm     .   (no cloak)
rCorr   .          Rampage  .   s - +2 pair of gloves
Will    .....                   b - +1 pair of boots
Stlth   ..........              u - amulet of the Blushing Enemy {Regen+ Str+2 Int-4 Dex+9 SInv}
HPRegen 1.02/turn               a - ring of positive energy
MPRegen 0.12/turn               (no ring)

@: agile, fiery-armoured
A: thin metallic scales 2, powered by pain 2, demonic touch 1
a: Renounce Religion, Fiery Armour, Foxfire Swarm, Rising Flame


You were on level 9 of the Dungeon.
You worshipped Ignis.
Ignis was pleased with you.
You visited 1 branch of the dungeon, and saw 9 of its levels.

You collected 365 gold pieces.


Innate Abilities, Weirdness & Mutations

You are mostly covered in thin metallic scales. (AC +3)
You sometimes gain power by taking damage.
Your touch may inflict minor irresistible damage on your foes.


   Skills:
 - Level 4.3 Fighting
 - Level 8.0 Axes
 - Level 2.4 Throwing
 + Level 3.8 Armour
 - Level 2.2 Dodging
 - Level 9.0 Shields
 - Level 1.0 Spellcasting
 - Level 2.6 Fire Magic


You had 11 spell levels left.
You didn't know any spells.
Your spell library contained the following spells:

 Spells                   Type           Power      Damage    Failure   Level
 Scorch                   Fire           14%        2d6       100%        2

Inventory:

Hand Weapons
 Y - a +0 hand axe of flaming (weapon)
Missiles
 e - 7 boomerangs (quivered)
Armour
 b - a +1 pair of boots (worn)
 c - a +2 helmet (worn)
 m - a +0 plate armour (worn)
 p - a +0 tower shield (worn)
 s - a +2 pair of gloves (worn)
Jewellery
 a - a ring of positive energy (left hand)
 o - a ring of ice
 u - the amulet of the Blushing Enemy (around neck) {Regen+ Str+2 Int-4 Dex+9 SInv}
   (You found it on level 3 of the Dungeon)

   [amulet of regeneration]

   Str:       It affects your strength (+2).
   Int:       It affects your intelligence (-4).
   Dex:       It affects your dexterity (+9).
   SInv:      It lets you see invisible.
   Regen:     It increases your rate of health regeneration.
Scrolls
 k - 2 scrolls of identify
 q - 2 scrolls of teleportation
Potions
 f - 3 potions of resistance
 g - 2 potions of haste
 h - a potion of cancellation {unknown}
 j - 3 potions of curing
 n - 2 potions of mutation
 r - a potion of attraction {unknown}

Dungeon Overview and Level Annotations

Branches:
Dungeon (9/15)             Temple (0/1) D:4            Lair (0/5) D:9
    Orc: D:9-12

Altars:
Gozag
Kikubaaqudgha
Nemelex Xobeh
Qazlal

Annotations:
D:3 2 transporters, qw's ghost, amateur GrFi
D:6 2 transporters
D:7 2 runed translucent doors, qw's ghost, novice MiBe


Message History

You block the death yak's attack. The death yak gores you.
The death yak is burned by your cloak of flames.
The death yak is heavily wounded.
You block the death yak's attack.
The death yak gores you but does no damage.
The death yak is burned by your cloak of flames.
The death yak is heavily wounded.
You hit the death yak. You burn the death yak.
The death yak is heavily wounded.
You hit the death yak but do no damage.
The death yak snorts and paws the ground.
The death yak gores you!
The death yak is burned by your cloak of flames.
The death yak is severely wounded.
The death yak gores you!
7116 ||| READING 3 scrolls of teleportation.
As you read the scroll of teleportation, it crumbles to dust.
You feel strangely unstable. The death yak barely misses you. x2
You hit the death yak but do no damage.
The death yak is severely wounded.
You hit the death yak but do no damage. You block the death yak's attack.
The death yak gores you!
You barely miss the death yak.
The death yak is severely wounded.
You hit the death yak but do no damage. You block the death yak's attack.
The death yak gores you but does no damage.
You barely miss the death yak.
The death yak is severely wounded.
You hit the death yak but do no damage.
The death yak gores you but does no damage.
You block the death yak's attack.
You hit the death yak. You burn the death yak.
The death yak is severely wounded.
You hit the death yak but do no damage.
Your surroundings suddenly seem different.
A wraith comes into view.
Found 13 gold pieces.
You block the wraith's attack. The wraith hits you!
You die... 7

#.
7.7
7.7#
7@#
7W7#
7.7
#. .
.7
.$


77 You could see a wraith.

Vanquished Creatures
  A two-headed ogre (D:7)
  A death yak (D:9)
  A wyvern (D:9)
  Menkaure (D:6)
  2 water moccasins
  Duvessa (D:4)
  2 orc warriors
  An ice beast (D:7)
  2 black bears (D:4)
  2 ogres
  2 centaurs
  A kobold brigand (D:9)
  A gnoll sergeant (D:6)
  A bullfrog (D:7)
  A necrophage (D:6)
  2 scorpions (D:7)
  Dowan (D:4)
  4 killer bees (D:7)
  A howler monkey (D:8)
  4 hounds
  A gnoll bouda (D:6)
  3 orc priests
  A jelly (D:7)
  Jessica (D:3)
  4 iguanas
  Ijyb (D:4)
  4 orc wizards
  11 adders
  7 gnolls (D:6)
  3 river rats (D:9)
  A shadow imp (D:7)
  5 white imps
  A worm (D:4)
  A dart slug (D:2)
  25 orcs
  7 bats
  7 endoplasms
  4 giant cockroaches
  11 goblins
  9 hobgoblins
  4 jackals (D:2)
  11 kobolds
  5 quokkas
  4 ball pythons
  4 frilled lizards
  6 rats
173 creatures vanquished.

Vanquished Creatures (others)
  6 plants (D:6)
6 creatures vanquished.

Grand Total: 179 creatures vanquished

Notes
Turn   | Place    | Note
-------+----------+-------------------------------------------
     0 | D:1      | qw the Demonspawn Cinder Acolyte began the quest for the
                  | Orb.
     0 | D:1      | Reached XP level 1. HP: 18/18 MP: 2/2
     0 | D:1      | 0 ||| qw: Version: 0.1-a-113-g051387a
     0 | D:1      | 0 ||| qw: Game counter: 6937
     0 | D:1      | 0 ||| qw: Always use a shield: true
     0 | D:1      | 0 ||| qw: God list: Okawaru
     0 | D:1      | 0 ||| qw: Allow faded altars: false
     0 | D:1      | 0 ||| qw: Do Orc after D:15 true
     0 | D:1      | 0 ||| qw: Do second Lair branch before Depths: true
     0 | D:1      | 0 ||| qw: Lair rune preference: random
     0 | D:1      | 0 ||| qw: Plans: Normal
     0 | D:1      | 0 ||| PLANNING D:1-11
   164 | D:1      | Reached skill level 3 in Axes
   399 | D:1      | Gained mutation: You are partially covered in thin metallic
                  | scales. (AC +2) [demonic ancestry]
   399 | D:1      | Reached XP level 2. HP: 19/23 MP: 3/3
   832 | D:1      | 832 ||| UPGRADING to +0 buckler.
   837 | D:1      | 837 ||| UPGRADING to +0 chain mail.
   847 | D:1      | 847 ||| DROPPING +0 robe.
   848 | D:1      | 848 ||| READING scroll labelled HIRIXU SIELIGU.
   949 | D:1      | 949 ||| READING scroll labelled DOUCAKUBAEST.
   950 | D:1      | 950 ||| READING scroll labelled GEKHOE MO FUB.
   951 | D:1      | 951 ||| READING scroll labelled BEWEF YTUIHENT.
   955 | D:1      | 955 ||| READING 3 scrolls labelled SUNWATOUPS.
   956 | D:1      | 956 ||| DRINKING 2 grey potions.
   957 | D:1      | 957 ||| READING 2 scrolls of identify.
   957 | D:1      | 957 ||| IDENTIFYING fuming ruby potion
   971 | D:2      | Found a faded altar of an unknown god.
   972 | D:2      | 972 ||| STAIRDANCE
   986 | D:2      | 986 ||| INVOKING Fiery Armour.
   988 | D:2      | Reached skill level 1 in Shields
   988 | D:2      | 988 ||| STAIRDANCE
   989 | D:1      | HP: 6/24 [poisoned by an adder]
  1241 | D:2      | Reached XP level 3. HP: 22/29 MP: 4/4
  1424 | D:2      | Reached skill level 1 in Armour
  1593 | D:2      | 1593 ||| Stepping ~*~*~tactically~*~*~ (hiding).
  1595 | D:2      | 1595 ||| Stepping ~*~*~tactically~*~*~ (hiding).
  1620 | D:2      | 1620 ||| Stepping ~*~*~tactically~*~*~ (stealth).
  1624 | D:2      | 1624 ||| Stepping ~*~*~tactically~*~*~ (stealth).
  1626 | D:2      | 1626 ||| Stepping ~*~*~tactically~*~*~ (stealth).
  1627 | D:2      | 1627 ||| Stepping ~*~*~tactically~*~*~ (stealth).
  1636 | D:2      | 1636 ||| Stepping ~*~*~tactically~*~*~ (stealth).
  1637 | D:2      | 1637 ||| Stepping ~*~*~tactically~*~*~ (stealth).
  1642 | D:2      | 1642 ||| Stepping ~*~*~tactically~*~*~ (stealth).
  1767 | D:2      | Gained mutation: You sometimes gain a little power by
                  | taking damage. [demonic ancestry]
  1767 | D:2      | Reached XP level 4. HP: 30/35 MP: 5/5
  1897 | D:2      | 1897 ||| Stepping ~*~*~tactically~*~*~ (stealth).
  2059 | D:2      | 2059 ||| UPGRADING to +0 pair of boots.
  2065 | D:2      | 2065 ||| UPGRADING to +0 helmet.
  2070 | D:2      | 2070 ||| READING scroll of enchant armour.
  2070 | D:2      | 2070 ||| ENCHANTING +0 helmet.
  2078 | D:2      | 2078 ||| UPGRADING to ring of positive energy.
  2079 | D:2      | 2079 ||| READING scroll labelled XUADDO LOCHAOSME.
  2080 | D:2      | 2080 ||| READING scroll labelled CABUZY AHOY.
  2081 | D:2      | 2081 ||| Stepping randomly (stuck).
  2082 | D:2      | 2082 ||| Stepping ~*~*~tactically~*~*~ (cloud).
  2275 | D:3      | Found a stormy altar of Qazlal.
  2483 | D:3      | Noticed Jessica
  2515 | D:3      | Killed Jessica
  2516 | D:3      | Reached skill level 1 in Throwing
  2633 | D:3      | 2633 ||| Stepping ~*~*~tactically~*~*~ (stealth).
  2722 | D:3      | Reached XP level 5. HP: 38/41 MP: 6/6
  3019 | D:3      | Found an opulent altar of Gozag.
  3043 | D:3      | Noticed qw's ghost (amateur GrFi)
  3045 | D:3      | Found a transporter.
  3045 | D:3      | Noticed an ogre
  3047 | D:3      | Noticed an ogre
  3048 | D:3      | Found a transporter.
  3079 | D:3      | Identified the amulet of the Blushing Enemy {Regen+ Str+2
                  | Int-4 Dex+9 SInv}
  3082 | D:3      | 3082 ||| UPGRADING to +0 plate armour.
  3092 | D:3      | 3092 ||| DROPPING +0 chain mail.
  3093 | D:3      | 3093 ||| UPGRADING to +1 pair of gloves.
  3098 | D:3      | 3098 ||| UPGRADING to amulet of the Blushing Enemy {Regen+
                  | Str+2 Int-4 Dex+9 SInv}.
  3103 | D:3      | 3103 ||| DROPPING ring of wizardry.
  3104 | D:3      | 3104 ||| READING scroll labelled SEANOWNADYNN.
  3122 | D:3      | 3122 ||| DRINKING 2 fuming green potions.
  3227 | D:3      | 3227 ||| READING 4 scrolls of identify.
  3227 | D:3      | 3227 ||| IDENTIFYING blue potion
  3228 | D:3      | 3228 ||| READING 3 scrolls of identify.
  3228 | D:3      | 3228 ||| IDENTIFYING puce potion
  3229 | D:3      | 3229 ||| READING 2 scrolls of identify.
  3229 | D:3      | 3229 ||| IDENTIFYING glowing emerald potion
  3230 | D:3      | 3230 ||| DROPPING potion of lignification.
  3231 | D:3      | 3231 ||| DROPPING potion of ambrosia.
  3232 | D:3      | 3232 ||| DROPPING potion of berserk rage.
  3338 | D:4      | 3338 ||| READING scroll of enchant armour.
  3338 | D:4      | 3338 ||| ENCHANTING +1 pair of gloves.
  3397 | D:4      | Found an ancient bone altar of Kikubaaqudgha.
  3453 | D:4      | 3453 ||| Stepping ~*~*~tactically~*~*~ (stealth).
  3454 | D:4      | 3454 ||| Stepping ~*~*~tactically~*~*~ (stealth).
  3504 | D:4      | Found a staircase to the Ecumenical Temple.
  3531 | D:4      | Noticed a black bear
  3548 | D:4      | Killed a black bear
  3549 | D:4      | Gained mutation: You are mostly covered in thin metallic
                  | scales. (AC +3) [demonic ancestry]
  3549 | D:4      | Reached XP level 6. HP: 32/47 MP: 7/7
  3808 | D:4      | Noticed Ijyb
  3809 | D:4      | 3809 ||| INVOKING Fiery Armour.
  3823 | D:4      | Killed Ijyb
  3890 | D:4      | Noticed Dowan
  3891 | D:4      | 3891 ||| Stepping ~*~*~tactically~*~*~ (hiding).
  3892 | D:4      | Noticed Duvessa
  3901 | D:4      | 3901 ||| INVOKING Fiery Armour.
  3905 | D:4      | Killed Duvessa
  3914 | D:4      | Killed Dowan
  3915 | D:4      | Reached skill level 6 in Axes
  3915 | D:4      | Gained mutation: You sometimes gain power by taking damage.
                  | [demonic ancestry]
  3915 | D:4      | Reached XP level 7. HP: 51/52 MP: 8/8
  4285 | D:4      | 4285 ||| DROPPING +6 ring of intelligence.
  4286 | D:4      | 4286 ||| READING scroll labelled ALAOHULUETT.
  4287 | D:4      | 4287 ||| READING scroll labelled ZAWAMEO ILENN.
  4288 | D:4      | 4288 ||| READING 2 scrolls of identify.
  4288 | D:4      | 4288 ||| IDENTIFYING amethyst potion
  4289 | D:4      | 4289 ||| DROPPING potion of magic.
  4303 | D:5      | Entered Level 5 of the Dungeon
  4333 | D:5      | Reached skill level 2 in Shields
  4400 | D:5      | 4400 ||| Stepping ~*~*~tactically~*~*~ (stealth).
  4401 | D:5      | 4401 ||| Stepping ~*~*~tactically~*~*~ (stealth).
  4528 | D:5      | 4528 ||| Stepping ~*~*~tactically~*~*~ (hiding).
  4538 | D:5      | 4538 ||| DRINKING 2 potions of curing.
  4538 | D:5      | 4538 ||| (to cure confusion)
  4788 | D:5      | 4788 ||| DRINKING 2 fuming coppery potions.
  4789 | D:5      | 4789 ||| DROPPING potion of flight.
  4797 | D:6      | 4797 ||| INVOKING Fiery Armour.
  4805 | D:6      | Reached skill level 3 in Armour
  4899 | D:6      | 4899 ||| Stepping ~*~*~tactically~*~*~ (stealth).
  4903 | D:6      | Reached XP level 8. HP: 61/61 MP: 9/9
  5009 | D:6      | Found a transporter.
  5026 | D:6      | 5026 ||| Stepping ~*~*~tactically~*~*~ (stealth).
  5035 | D:6      | 5035 ||| Stepping ~*~*~tactically~*~*~ (stealth).
  5125 | D:6      | 5125 ||| Stepping ~*~*~tactically~*~*~ (hiding).
  5213 | D:6      | Noticed Menkaure
  5235 | D:6      | 5235 ||| INVOKING Fiery Armour.
  5239 | D:6      | Killed Menkaure
  5322 | D:6      | Identified the +1 scale mail "Mamo" {Int+3}
  5322 | D:6      | Identified the +0 buckler of the Beginning {Slay+2}
  5356 | D:6      | Found a transporter.
  5415 | D:6      | 5415 ||| UPGRADING to +0 tower shield.
  5425 | D:6      | 5425 ||| DROPPING +0 buckler.
  5426 | D:6      | 5426 ||| READING scroll labelled XUSUIG KAN ONGI.
  5434 | D:7      | Found a large runed translucent door.
  5434 | D:7      | Found a large runed translucent door.
  5436 | D:7      | Noticed qw's ghost (novice MiBe)
  5450 | D:7      | Reached skill level 3 in Shields
  5509 | D:7      | 5509 ||| Stepping ~*~*~tactically~*~*~ (stealth).
  5530 | D:7      | Reached skill level 4 in Shields
  5661 | D:7      | 5661 ||| READING scroll of enchant armour.
  5661 | D:7      | 5661 ||| ENCHANTING +1 helmet.
  5748 | D:7      | 5748 ||| Stepping ~*~*~tactically~*~*~ (stealth).
  5753 | D:7      | 5753 ||| INVOKING Fiery Armour.
  5757 | D:7      | Gained mutation: Your touch may inflict minor irresistible
                  | damage on your foes. [demonic ancestry]
  5757 | D:7      | Reached XP level 9. HP: 65/66 MP: 10/10
  5769 | D:7      | Reached skill level 5 in Shields
  5897 | D:7      | Noticed a two-headed ogre
  5909 | D:7      | 5909 ||| INVOKING Fiery Armour.
  5912 | D:7      | HP: 13/66 [two-headed ogre/+0 giant spiked club (8)]
  5912 | D:7      | Killed a two-headed ogre
  5913 | D:7      | Reached skill level 6 in Shields
  6007 | D:7      | 6007 ||| Stepping ~*~*~tactically~*~*~ (hiding).
  6312 | D:7      | 6312 ||| DRINKING 4 pink potions.
  6386 | D:8      | Reached skill level 7 in Shields
  6469 | D:8      | 6469 ||| Stepping ~*~*~tactically~*~*~ (hiding).
  6474 | D:8      | 6474 ||| Stepping ~*~*~tactically~*~*~ (hiding).
  6475 | D:8      | 6475 ||| Stepping ~*~*~tactically~*~*~ (hiding).
  6506 | D:8      | 6506 ||| READING scroll of enchant armour.
  6506 | D:8      | 6506 ||| ENCHANTING +0 pair of boots.
  6648 | D:8      | 6648 ||| Stepping ~*~*~tactically~*~*~ (stealth).
  6654 | D:8      | 6654 ||| Stepping ~*~*~tactically~*~*~ (stealth).
  6655 | D:8      | 6655 ||| Stepping ~*~*~tactically~*~*~ (stealth).
  6694 | D:8      | 6694 ||| Stepping ~*~*~tactically~*~*~ (stealth).
  6696 | D:8      | 6696 ||| Stepping ~*~*~tactically~*~*~ (hiding).
  6700 | D:8      | Identified the +8 spear "Spiderbane" {elec, rC+}
  6701 | D:8      | 6701 ||| INVOKING Fiery Armour.
  6764 | D:8      | 6764 ||| READING scroll labelled MEDOGU USOOSAO.
  6765 | D:8      | 6765 ||| DRINKING 3 murky golden potions.
  6766 | D:8      | 6766 ||| DROPPING 2 potions of degeneration.
  6799 | D:9      | Noticed a death yak
  6801 | D:9      | 6801 ||| Stepping ~*~*~tactically~*~*~ (stealth).
  6803 | D:9      | 6803 ||| Stepping ~*~*~tactically~*~*~ (stealth).
  6807 | D:9      | Noticed a death yak
  6808 | D:9      | 6808 ||| Stepping ~*~*~tactically~*~*~ (stealth).
  6813 | D:9      | 6813 ||| INVOKING Fiery Armour.
  6819 | D:9      | Noticed a death yak
  6834 | D:9      | Killed a death yak
  6835 | D:9      | Reached skill level 9 in Shields
  6836 | D:9      | HP: 10/66 [death yak (9)]
  6837 | D:9      | 6837 ||| READING 5 scrolls of teleportation.
  6840 | D:9      | Found a staircase to the Lair.
  6841 | D:9      | 6841 ||| READING 4 scrolls of teleportation.
  6904 | D:9      | 6904 ||| Stepping ~*~*~tactically~*~*~ (stealth).
  6907 | D:9      | 6907 ||| Stepping ~*~*~tactically~*~*~ (stealth).
  6915 | D:9      | Reached XP level 10. HP: 73/73 MP: 11/11
  7037 | D:9      | Found a sparkling altar of Nemelex Xobeh.
  7063 | D:9      | 7063 ||| Stepping ~*~*~tactically~*~*~ (stealth).
  7064 | D:9      | 7064 ||| Stepping ~*~*~tactically~*~*~ (stealth).
  7076 | D:9      | 7076 ||| Stepping ~*~*~tactically~*~*~ (stealth).
  7077 | D:9      | 7077 ||| Stepping ~*~*~tactically~*~*~ (stealth).
  7078 | D:9      | 7078 ||| Stepping ~*~*~tactically~*~*~ (stealth).
  7079 | D:9      | 7079 ||| Stepping ~*~*~tactically~*~*~ (stealth).
  7080 | D:9      | 7080 ||| Stepping ~*~*~tactically~*~*~ (stealth).
  7081 | D:9      | 7081 ||| Stepping ~*~*~tactically~*~*~ (stealth).
  7082 | D:9      | 7082 ||| INVOKING Fiery Armour.
  7083 | D:9      | 7083 ||| Stepping ~*~*~tactically~*~*~ (stealth).
  7087 | D:9      | 7087 ||| Stepping ~*~*~tactically~*~*~ (stealth).
  7115 | D:9      | HP: 7/73 [death yak (13)]
  7116 | D:9      | 7116 ||| READING 3 scrolls of teleportation.
  7117 | D:9      | HP: 1/73 [death yak (9)]
  7120 | D:9      | Slain by a wraith

Levels and vault maps discovered:
D:1:      tarquinn_simple_flora_water_b, layout_basic,
          nicolae_concentric_dashed_squares_wild
D:2:      layout_rooms, nicolae_ecumenical_pavilion, minmay_ruptured
D:3:      layout_loops_ring, nicolae_gozag_seed_capital, lemuel_crystal_altar,
          gammafunk_ghost_smash, serial_rivers, chequers_serial_rivers_room_a,
          chequers_serial_rivers_micro_a, chequers_serial_rivers_micro_b,
          chequers_serial_rivers_micro_c, minmay_circle_x, uniq_jessica
D:4:      layout_basic, kiku_gazebo_pond_becter, minmay_temple_entry_hall,
          minivault_5, grunt_decor_resistance, uniq_duvessa, uniq_ijyb
D:5:      layout_rooms
D:6:      layout_rooms, gammafunk_ghost_gnarly_gnolls, minmay_misc_feat_pillars,
          uniq_menkaure
D:7:      layout_basic, enter_bailey_5, ebering_ghost_disaster_area
D:8:      layout_rooms, minmay_microvault
D:9:      nzn_winding_woodlands_medium [nzn_winding_woodlands_5x5_cross,
          nzn_winding_woodlands_5x15_pool,
          nzn_winding_woodlands_5x5_closed_star,
          nzn_winding_woodlands_hourglass,
          nzn_winding_woodlands_center_triple_pond,
          nzn_winding_woodlands_5x5_checkerboard,
          nzn_winding_woodlands_5x5_open_star,
          nzn_winding_woodlands_5x15_crooked,
          nzn_winding_woodlands_5x5_perimeter], layout_loops_corners,
          kennysheep_little_box, nemelex_diamond_rough_becter,
          dpeg_lair_monsters

Skill      XL: |  1  2  3  4  5  6  7  8  9 |
---------------+----------------------------+-----
Axes           | 3 4 6 7 8 |  8.0
Shields        | 1 2 4 9 |  9.0
Armour         | 1 2 3 |  3.8
Throwing       | 1 2 |  2.4
Dodging        | 2 |  2.2
Fighting       | 4 |  4.3
Spellcasting   | |  1.0
Fire Magic     | |  2.6

Action                   |  1- 3 |  4- 6 |  7- 9 | 10-12 || total
-------------------------+-------+-------+-------+-------++-------
Melee: Hand axe          |   121 |   155 |   386 |    47 ||   709
Throw: Javelin           |       |    25 |    47 |     2 ||    74
Invok: Fiery Armour      |     1 |     2 |     6 |     1 ||    10
  Use: Scroll            |     6 |     8 |     9 |     1 ||    24
       Potion            |     1 |     1 |     4 |       ||     6
Armor: Robe              |     7 |       |       |       ||     7
       Chain mail        |    88 |    45 |       |       ||   133
       Plate armour      |       |   114 |   228 |    28 ||   370
Dodge: Dodged            |    44 |    47 |    45 |     9 ||   145
Block: Buckler           |    17 |    29 |    20 |       ||    66
       Tower shield      |       |       |   196 |    44 ||   240

Table legend:
 A = Non-vault XP
 B = Vault XP
 C = Vault XP percentage of total XP
 D = Non-vault monster count
 E = Vault monster count
 F = Vault count percentage of total count
                 A         B        C        D         E       F
            +---------+---------+-------+---------+---------+-------
      Total |    4436 |    1354 |  23.4 |     152 |      21 |  12.1
            +---------+---------+-------+---------+---------+-------
        D:1 |      21 |       0 |   0.0 |      14 |       0 |   0.0
        D:2 |      88 |       6 |   6.4 |      23 |       2 |   8.0
        D:3 |      42 |      44 |  51.2 |      12 |       5 |  29.4
        D:4 |     351 |     245 |  41.1 |      18 |       3 |  14.3
        D:5 |     242 |       0 |   0.0 |      15 |       0 |   0.0
        D:6 |     976 |     183 |  15.8 |      26 |       1 |   3.7
        D:7 |    1655 |       7 |   0.4 |      18 |       4 |  18.2
        D:8 |     577 |       0 |   0.0 |      16 |       0 |   0.0
        D:9 |     484 |     869 |  64.2 |      10 |       6 |  37.5
            +---------+---------+-------+---------+---------+-------
